 Dungeon Crawl Stone Soup version 0.27.0-1-g7a089689b8 (webtiles) character file.

Game seed: 6331954020965937270

1259 Shaidar the Chopper (level 8, -9/67 HPs)
             Began as a Gnoll Berserker on Aug 10, 2021.
             Was a Priest of Trog.
             Killed from afar by a steam dragon (15 damage)
             ... with a ball of steam
             ... on level 5 of the Dungeon.
             The game lasted 00:10:14 (4992 turns).

Shaidar the Chopper (Gnoll Berserker)               Turns: 4992, Time: 00:10:15

Health: -9/67      AC: 14    Str: 18    XL:     8   Next: 51%
Magic:  13/13      EV: 10    Int:  7    God:    Trog [***...]
Gold:   168        SH: 11    Dex: 12    Spells: 13/13 levels left

rFire    . . .     SeeInvis .   f - +2 mace (venom)
rCold    . . .     Faith    .   d - +2 kite shield {AC+3}
rNeg     . . .     Spirit   .   e - +0 ring mail
rPois    +         Reflect  .   r - +0 helmet
rElec    .         Harm     .   (no cloak)
rCorr    .         Rampage  .   (no gloves)
Will     ++...                  (no boots)
Stlth    ++........             i - amulet of the acrobat
HPRegen  1.21/turn              n - ring of poison resistance
MPRegen  0.13/turn              s - +4 ring of protection

@: strong-willed, regenerating
A: fangs 1, strong nose, distributed training
a: Renounce Religion, Berserk, Trog's Hand


You were on level 5 of the Dungeon.
You worshipped Trog.
Trog was most pleased with you.
You visited 1 branch of the dungeon, and saw 5 of its levels.

You collected 168 gold pieces.

Inventory:

Hand Weapons
 f - a +2 mace of venom (weapon)
   (You found it on level 1 of the Dungeon)
 l - a +0 morningstar
   (You took it off an orc on level 4 of the Dungeon)
 A - a +3 hand axe
   (You took it off an orc on level 5 of the Dungeon)
Missiles
 u - 38 poisoned darts (quivered)
Armour
 d - a +2 kite shield of protection (worn)
   (You found it on level 1 of the Dungeon)
 e - a +0 ring mail (worn)
   (You found it on level 1 of the Dungeon)
 q - a +0 plate armour
   (You took it off an orc on level 3 of the Dungeon)
 r - a +0 helmet (worn)
   (You found it on level 3 of the Dungeon)
Jewellery
 c - an amulet of magic regeneration
   (You found it on level 5 of the Dungeon)
 i - an amulet of the acrobat (around neck)
   (You found it on level 2 of the Dungeon)
 n - a ring of poison resistance (left hand)
   (You found it on level 3 of the Dungeon)
 s - a +4 ring of protection (right hand)
   (You found it on level 3 of the Dungeon)
Wands
 x - a wand of acid (8)
   (You found it on level 4 of the Dungeon)
Scrolls
 b - 2 scrolls of holy word {unknown}
 k - 2 scrolls of enchant weapon {unknown}
 m - a scroll of immolation {unknown}
 o - a scroll of silence {unknown}
 p - a scroll of enchant armour {unknown}
 t - 4 scrolls of teleportation {unknown}
 v - a scroll of noise {unknown}
 y - a scroll of torment {unknown}
 z - 2 scrolls of identify {unknown}
Potions
 a - 2 potions of magic {unknown}
 g - 3 potions of curing {@q1}
 h - 2 potions of mutation {unknown}
 j - a potion of haste {unknown}
 w - a potion of invisibility {unknown}
 B - a potion of resistance


   Skills:
 + Level 7.4 Fighting
 + Level 3.3 Short Blades
 + Level 3.3 Long Blades
 + Level 7.4 Axes
 + Level 3.3 Maces & Flails
 + Level 3.3 Polearms
 + Level 3.3 Staves
 + Level 3.3 Slings
 + Level 3.3 Bows
 + Level 3.3 Crossbows
 + Level 3.3 Throwing
 + Level 5.7 Armour
 + Level 5.7 Dodging
 + Level 3.3 Stealth
 + Level 3.3 Shields
 + Level 3.3 Unarmed Combat
 + Level 3.3 Spellcasting
 + Level 2.7 Conjurations
 + Level 2.7 Hexes
 + Level 2.7 Summonings
 + Level 2.7 Necromancy
 + Level 2.7 Translocations
 + Level 2.7 Transmutations
 + Level 2.7 Fire Magic
 + Level 2.7 Ice Magic
 + Level 2.7 Air Magic
 + Level 2.7 Earth Magic
 + Level 2.7 Poison Magic
 + Level 3.6 Invocations
 + Level 3.3 Evocations


You had 13 spell levels left.
You didn't know any spells.
Your spell library contained the following spells:

 Spells                   Type           Power      Damage    Failure   Level
 Sublimation of Blood     Necr           2%         N/A       77%         2
 Petrify                  Tmut/Erth      4%         N/A       100%        4
 Irradiate                Conj/Tmut      2%         3d14      100%        5


Dungeon Overview and Level Annotations

Branches:
Dungeon (5/15)
 Temple: D:4-7

Altars:
Uskayaw
Vehumet


Innate Abilities, Weirdness & Mutations

You have very sharp teeth.
Your uncanny sense of smell can sniff out nearby items.
Your experience applies equally to all skills.


Message History

Trog accepts your kill.
No target in view!
No target in view!
Found a stone staircase leading up.
You see here the human corpse of Prince Ribbit.
You open the door.
Found 17 poisoned darts.
u - 38 poisoned darts (gained 17)
Found a glowing dagger.
A steam dragon comes into view.
The steam dragon moves out of view.
The steam dragon hisses angrily.
A steam dragon is nearby!
You barely miss the steam dragon. The steam dragon breathes steam at you.
The ball of steam hits you! The steam dragon barely misses you.
The steam dragon claws you.
You hit the steam dragon but do no damage.
The steam dragon is poisoned.
You are engulfed in a cloud of scalding steam.
You block the steam dragon's attack. The steam dragon closely misses you.
You closely miss the steam dragon. The steam dragon breathes steam at you.
The ball of steam hits you!!
* * * LOW HITPOINT WARNING * * *
The steam dragon misses you. The steam dragon completely misses you.
Unknown command.
You barely miss the steam dragon.
You bite the steam dragon, but do no damage.
The steam dragon closely misses you. The steam dragon barely misses you.
You hit the steam dragon.
The steam dragon looks as sick as possible!
You bite the steam dragon. The steam dragon breathes steam at you.
The ball of steam misses you. You block the steam dragon's attack.
The steam dragon claws you but does no damage.
Unknown command.
Unknown command.
Your skin crawls.
You feel strong-willed.
You are engulfed in a cloud of scalding steam.
You block the steam dragon's attack. The steam dragon barely misses you.
You hit the steam dragon but do no damage.
The steam dragon looks as sick as possible!
You are engulfed in a cloud of scalding steam.
* * * LOW HITPOINT WARNING * * *
A dart slug comes into view.
The steam dragon breathes steam at you. The ball of steam hits you!
You die...

#.....# #.#...#..#.#.#.#
#.....#####.#......#.#.#.#
#...........#......#.#.#.#
#.....#######......'.#.#
#.....# #...#....###.#
####†## #.#.#>...###.#
#....# #.#..<)......#
#....# #.############
###### #§@D.....# ∆ ∆
######)....# ..w.. ..#. .#
# ∆ ∆


You could see a steam dragon (extremely poisoned, catching breath) and a dart
slug (wandering).

Vanquished Creatures
  Prince Ribbit (D:5)
  Eustachio (D:5)
  Menkaure (D:5)
  A sky beast (D:5)
  A centaur (D:5)
  A scorpion (D:4)
  7 orc priests
  2 hounds
  2 orc wizards
  2 iguanas
  2 hound skeletons
  A howler monkey zombie (D:5)
  4 gnolls (D:2)
  A howler monkey skeleton (D:4)
  2 adders
  2 shadow imps
  An ufetubus (D:4)
  4 dart slugs
  12 orcs
  3 bats (D:2)
  6 endoplasms
  2 giant cockroaches
  3 goblins
  6 hobgoblins
  5 jackals (D:1)
  10 kobolds
  2 quokkas
  6 ball pythons
  4 frilled lizards
  A jackal skeleton (D:4)
  4 rats
100 creatures vanquished.

Vanquished Creatures (others)
  An orc (D:4)
  3 plants (D:3)
4 creatures vanquished.

Grand Total: 104 creatures vanquished

Notes
Turn   | Place    | Note
-------+----------+-------------------------------------------
     0 | D:1      | Shaidar the Gnoll Berserker began the quest for the Orb.
     0 | D:1      | Reached XP level 1. HP: 23/23 MP: 1/1
   110 | D:1      | Reached XP level 2. HP: 17/29 MP: 2/2
   648 | D:1      | Reached XP level 3. HP: 35/35 MP: 3/3
  1033 | D:2      | Reached ** piety under Trog
  1122 | D:2      | Reached skill level 1 in Invocations
  1206 | D:2      | Reached skill level 1 in Short Blades
  1206 | D:2      | Reached skill level 1 in Long Blades
  1206 | D:2      | Reached skill level 1 in Maces & Flails
  1206 | D:2      | Reached skill level 1 in Polearms
  1206 | D:2      | Reached skill level 1 in Staves
  1206 | D:2      | Reached skill level 1 in Slings
  1206 | D:2      | Reached skill level 1 in Bows
  1206 | D:2      | Reached skill level 1 in Crossbows
  1206 | D:2      | Reached skill level 1 in Throwing
  1206 | D:2      | Reached skill level 1 in Stealth
  1206 | D:2      | Reached skill level 1 in Shields
  1206 | D:2      | Reached skill level 1 in Unarmed Combat
  1206 | D:2      | Reached skill level 1 in Spellcasting
  1206 | D:2      | Reached skill level 1 in Evocations
  1216 | D:2      | Reached XP level 4. HP: 25/41 MP: 5/5
  1406 | D:2      | Reached skill level 1 in Conjurations
  1406 | D:2      | Reached skill level 1 in Hexes
  1406 | D:2      | Reached skill level 1 in Summonings
  1406 | D:2      | Reached skill level 1 in Necromancy
  1406 | D:2      | Reached skill level 1 in Translocations
  1406 | D:2      | Reached skill level 1 in Transmutations
  1406 | D:2      | Reached skill level 1 in Fire Magic
  1406 | D:2      | Reached skill level 1 in Ice Magic
  1406 | D:2      | Reached skill level 1 in Air Magic
  1406 | D:2      | Reached skill level 1 in Earth Magic
  1406 | D:2      | Reached skill level 1 in Poison Magic
  2168 | D:3      | You fall into a shaft and drop 1 floor!
  2192 | D:4      | Reached XP level 5. HP: 47/47 MP: 6/6
  2423 | D:3      | Reached XP level 6. HP: 48/53 MP: 8/8
  2815 | D:3      | Found a hide-covered altar of Uskayaw.
  2815 | D:3      | Found a radiant altar of Vehumet.
  2869 | D:3      | Found a faded altar of an unknown god.
  3311 | D:4      | Reached skill level 5 in Armour
  3311 | D:4      | Reached skill level 5 in Dodging
  3765 | D:4      | Reached XP level 7. HP: 60/60 MP: 10/10
  3976 | D:5      | Entered Level 5 of the Dungeon
  4068 | D:5      | Noticed Eustachio
  4100 | D:5      | Killed Eustachio
  4250 | D:5      | Reached *** piety under Trog
  4523 | D:5      | Reached XP level 8. HP: 53/67 MP: 12/12
  4525 | D:5      | Noticed Menkaure
  4536 | D:5      | Killed Menkaure
  4803 | D:5      | Noticed Prince Ribbit
  4821 | D:5      | Killed Prince Ribbit
  4992 | D:5      | Killed from afar by a steam dragon

Illustrated notes

Levels and vault maps discovered:
D:1:      saegor_arrival_simple_e, layout_loops_ring
D:2:      layout_basic
D:3:      layout_basic, gammafunk_temple_overflow_wave,
          shapermc_ecumenical_altar_rom_forum
D:4:      layout_basic, kennysheep_generic_room_9
D:5:      layout_basic, minmay_temple_entry_tees, biasface_ghost_orc_armoury,
          grunt_decor_clamped, uniq_eustachio, uniq_menkaure,
          uniq_prince_ribbit1

Skill      XL: |  1  2  3  4  5  6  7 |
---------------+----------------------+-----
Invocations    | 1 2 3 |  3.6
Short Blades   | 1 2 3 |  3.3
Long Blades    | 1 2 3 |  3.3
Maces & Flails | 1 2 3 |  3.3
Polearms       | 1 2 3 |  3.3
Staves         | 1 2 3 |  3.3
Slings         | 1 2 3 |  3.3
Bows           | 1 2 3 |  3.3
Crossbows      | 1 2 3 |  3.3
Throwing       | 1 2 3 |  3.3
Stealth        | 1 2 3 |  3.3
Shields        | 1 2 3 |  3.3
Unarmed Combat | 1 2 3 |  3.3
Spellcasting   | 1 2 3 |  3.3
Evocations     | 1 2 3 |  3.3
Conjurations   | 1 2 |  2.7
Hexes          | 1 2 |  2.7
Summonings     | 1 2 |  2.7
Necromancy     | 1 2 |  2.7
Translocations | 1 2 |  2.7
Transmutations | 1 2 |  2.7
Fire Magic     | 1 2 |  2.7
Ice Magic      | 1 2 |  2.7
Air Magic      | 1 2 |  2.7
Earth Magic    | 1 2 |  2.7
Poison Magic   | 1 2 |  2.7
Armour         | 5 |  5.7
Dodging        | 5 |  5.7
Fighting       | 7 |  7.4
Axes           | 7 |  7.4

Action                   |  1- 3 |  4- 6 |  7- 9 || total
-------------------------+-------+-------+-------++-------
Melee: Hand axe          |    48 |       |       ||    48
       Bite              |     6 |    24 |    10 ||    40
       Mace              |    46 |   144 |    99 ||   289
Invok: Trog's Hand       |     1 |     3 |     3 ||     7
       Berserk           |     1 |     1 |     1 ||     3
 Stab: Sleeping          |       |     1 |       ||     1
Armor: Ring mail         |    36 |    55 |    74 ||   165
Dodge: Dodged            |    39 |    70 |    78 ||   187
Block: Kite shield       |    37 |    90 |    88 ||   215
